 Dungeon Crawl Stone Soup version 0.29-a0-330-g52719c12eb (webtiles) character file.

Game seed: 6805259336136010923

106 Flugslaktarn the Stinger (level 5, 0/35 HPs)
             Began as a Human Venom Mage on Apr 13, 2022.
             Was a Believer of Vehumet.
             Slain by a phantom (5 damage)
             ... on level 4 of the Dungeon.
             The game lasted 00:04:59 (1077 turns).

Flugslaktarn the Stinger (Human Venom Mage)         Turns: 1077, Time: 00:04:59

Health: 0/35       AC:  4    Str:  8    XL:     5   Next: 10%
Magic:  0/9        EV: 12    Int: 18    God:    Vehumet [**....]
Gold:   130        SH:  0    Dex: 13    Spells: 4/9 levels left

rFire   . . .      SeeInvis .   k - +0 long sword
rCold   . . .      Faith    .   (no shield)
rNeg    . . .      Spirit   .   a - +1 robe
rPois   +          Reflect  .   (no helmet)
rElec   .          Harm     .   x - +0 cloak
rCorr   .          Rampage  .   (no gloves)
Will    +....                   (no boots)
Stlth   ++........              (no amulet)
HPRegen 0.11/turn               o - ring of poison resistance
MPRegen 0.11/turn               m - ring of willpower

@: no status effects
A: no striking features
a: Renounce Religion


You were on level 4 of the Dungeon.
You worshipped Vehumet.
Vehumet was pleased with you.
You visited 1 branch of the dungeon, and saw 4 of its levels.

You collected 193 gold pieces.
You spent 63 gold pieces at shops.

Inventory:

Hand Weapons
 c - a +0 short sword
   (You took it off a kobold on level 1 of the Dungeon)
 k - a +0 long sword (weapon)
   (You found it on level 1 of the Dungeon)
 u - a +0 quarterstaff
   (You found it on level 2 of the Dungeon)
Missiles
 f - 42 stones
Armour
 a - a +1 robe (worn)
 x - a +0 cloak (worn)
   (You found it on level 3 of the Dungeon)
Magical Staves
 d - a staff of death
   (You found it on level 1 of the Dungeon)
Jewellery
 m - a ring of willpower (right hand)
   (You found it on level 1 of the Dungeon)
 o - a ring of poison resistance (left hand)
   (You found it on level 1 of the Dungeon)
Wands
 v - a wand of polymorph (11)
   (You found it on level 3 of the Dungeon)
Scrolls
 e - a scroll of immolation {unknown}
 g - 2 scrolls of identify {unknown}
 i - a scroll of magic mapping {unknown}
 p - 3 scrolls of enchant armour
 t - a scroll of teleportation {unknown}
 y - 2 scrolls of silence {unknown}
Potions
 b - a potion of magic
 h - a potion of ambrosia {unknown}
 j - a potion of degeneration {unknown}
 l - a potion of attraction {unknown}
 n - 2 potions of resistance {unknown}
 q - a potion of haste {unknown}
 r - a potion of heal wounds {unknown}
 s - a potion of mutation {unknown}
 w - a potion of invisibility {unknown}


   Skills:
 - Level 2.0 Dodging
 - Level 2.0 Stealth
 + Level 2.8 Spellcasting
 - Level 2.0 Transmutations
 + Level 0.7 Fire Magic
 - Level 2.0 Air Magic
 + Level 3.7 Poison Magic


You had 4 spell levels left.
You knew the following spells:

 Your Spells              Type           Power      Damage    Failure   Level
a - Sting                 Tmut/Pois      48%        1d5       5%          1
b - Poisonous Vapours     Pois/Air       24%        N/A       8%          2
c - Scorch                Fire           10%        2d6       19%         2

Your spell library contained the following spells:

 Spells                   Type           Power      Damage    Failure   Level
 Mephitic Cloud           Conj/Pois/Air  9%         N/A       22%         3
 Olgreb's Toxic Radiance  Pois           15%        N/A       34%         4
 Dazzling Flash           Conj/Hex       4%         N/A       45%         3
 Cause Fear               Hex            1%         N/A       86%         4
 Silence                  Hex/Air        3%         N/A       97%         5
 Agony                    Necr           2%         N/A       99%         5
 Dragon Form              Tmut           4%         N/A       100%        7
 Dragon's Call            Summ           1%         N/A       100%        9


Dungeon Overview and Level Annotations

Branches:
Dungeon (4/15)
 Temple: D:4-7

Altars:
Ashenzari
Vehumet

Shops:
D:1 *   D:2 [


Message History

There is a stone staircase leading up here.
Unknown command.
Found a robe.
An adder comes into view.
The adder hisses angrily.
Casting: Sting (safe; 5% risk of failure)
Confirm with . or Enter, or press ? or * to list all spells.
Aiming: Sting (safe; 5% risk of failure)
Press: ? - help, Shift-Dir - straight line, f - adder
Aim: an adder (53% to hit)
The sting hits the adder.
The adder is poisoned.
The adder is lightly wounded.
Casting: Sting (safe; 5% risk of failure)
Confirm with . or Enter, or press ? or * to list all spells.
Aiming: Sting (safe; 5% risk of failure)
Press: ? - help, Shift-Dir - straight line, f/p - adder
Aim: an adder (moderately wounded, poisoned, 53% to hit)
The sting misses the adder.
You closely miss the adder.
The adder is moderately wounded.
The adder bites you. The adder bites you but does no damage.
You barely miss the adder.
The adder is moderately wounded.
The adder closely misses you. x2
You hit the adder.
The adder is almost dead.
You kill the adder!
Vehumet accepts your kill.
No target in view!
A phantom comes into view.
A worm comes into view.
Casting: Sting (safe; 5% risk of failure)
Confirm with . or Enter, or press ? or * to list all spells.
You miscast Scorch.
You are very lightly contaminated with residual magic.
Nothing appears to happen.
Casting: Scorch (safe; 19% risk of failure)
Confirm with . or Enter, or press ? or * to list all spells.
Flames lash the phantom.
The phantom is lightly damaged.
The phantom's fire resistance burns away.
Casting: Scorch (safe; 19% risk of failure)
Confirm with . or Enter, or press ? or * to list all spells.
Flames lash the phantom.
The phantom is burned terribly!
The phantom is heavily damaged.
The phantom hits you.
The phantom blinks!
You blink.
Found 2 scrolls labelled GYURGH KAUNAIRPH.
You closely miss the phantom.
The phantom is heavily damaged.
The phantom hits you.
Casting: Scorch (safe; 19% risk of failure)
Confirm with . or Enter, or press ? or * to list all spells.
Flames lash the phantom but do no damage.
The phantom closely misses you.
You barely miss the phantom.
The phantom is heavily damaged.
The phantom hits you but does no damage.
The phantom misses you.
Your magical contamination has completely faded away.
You closely miss the phantom.
The phantom is heavily damaged.
The phantom closely misses you.
You closely miss the phantom.
The phantom is heavily damaged.
The phantom hits you.
The phantom blinks!
You blink.
You barely miss the phantom.
The phantom is heavily damaged.
The phantom is no longer more vulnerable to fire.
The phantom closely misses you.
The phantom hits you but does no damage.
You completely miss the phantom.
The phantom is heavily damaged.
The phantom hits you.
You hit the phantom.
The phantom is severely damaged.
The phantom hits you. x2
An endoplasm comes into view.
Casting: Scorch (safe; 19% risk of failure)
Confirm with . or Enter, or press ? or * to list all spells.
Flames lash the phantom.
The phantom is almost destroyed.
The phantom's fire resistance burns away.
The endoplasm quivers.
The phantom hits you.
The phantom blinks!
You blink.
Unknown command.
Okay, then.
You completely miss the phantom.
The phantom is almost destroyed.
The phantom hits you.
You barely miss the phantom.
The phantom is almost destroyed.
The phantom hits you.
* * * LOW HITPOINT WARNING * * *
The phantom blinks!
You blink.
Found a scroll labelled YZXOKLAMES.
Unknown command.
You closely miss the phantom.
The phantom is almost destroyed.
The phantom is no longer more vulnerable to fire.
The phantom hits you.
You die...

J.###### ####.# #......#
#..#.# #....?.# #..#.#
#...... #..#.# ......
#.<#.# .....####.##.#
#.# #.......[#
#.###.###.#..#########
#.#......W@.#..#.......w
........................
................w.......
###########.#.##.######
.....##.# ###.####.# #.#
#.# #?# #.# #.#


You could see a phantom and a worm (wandering).

Vanquished Creatures
  6 adders
  3 worms (D:2)
  A dart slug (D:1)
  3 ball pythons
  An endoplasm (D:2)
  4 giant cockroaches
  2 hobgoblins
  4 kobolds
  4 quokkas
  6 bats
  A frilled lizard (D:2)
  6 goblins
  2 rats (D:2)
43 creatures vanquished.

Notes
Turn   | Place    | Note
-------+----------+-------------------------------------------
     0 | D:1      | Flugslaktarn the Human Venom Mage began the quest for the
                  | Orb.
     0 | D:1      | Reached XP level 1. HP: 13/13 MP: 3/3
   167 | D:1      | Reached XP level 2. HP: 18/19 MP: 3/5
   170 | D:1      | Learned a level 2 spell: Poisonous Vapours
   235 | D:2      | Reached skill level 1 in Air Magic
   235 | D:2      | Reached XP level 3. HP: 9/24 MP: 0/6
   257 | D:2      | Found a faded altar of an unknown god.
   266 | D:2      | Prayed at the altar of an unknown god.
   266 | D:2      | Became a worshipper of Vehumet
   266 | D:2      | Reached * piety under Vehumet
   266 | D:2      | Offered knowledge of Magic Dart by Vehumet.
   317 | D:1      | Found Agrid's Assorted Antiques.
   324 | D:1      | Bought a black potion for 19 gold pieces
   324 | D:1      | Bought 2 scrolls labelled OKLESO MUFRE for 44 gold pieces
   521 | D:2      | Reached XP level 4. HP: 28/30 MP: 0/7
   606 | D:2      | Found Mycire Tium's Antique Armour Shop.
   673 | D:2      | Offered knowledge of Scorch by Vehumet.
   676 | D:2      | Reached ** piety under Vehumet
   702 | D:2      | Learned a level 2 spell: Scorch
   840 | D:3      | Found a broken altar of Ashenzari.
  1013 | D:3      | Reached XP level 5. HP: 35/35 MP: 6/9
  1055 | D:4      | Noticed a phantom
  1077 | D:4      | Slain by a phantom

Illustrated notes

Levels and vault maps discovered:
D:1:      minmay_arrival_split_and_join, layout_basic, serial_shops, shop_statue
D:2:      layout_rooms, shapermc_ecumenical_altar_venn, serial_shops,
          shop_fountains
D:3:      layout_basic, mainiacjoe_overflow_brackets, serial_rivers,
          chequers_serial_rivers_large_a, chequers_serial_rivers_micro_b,
          chequers_serial_rivers_room_b, chequers_serial_rivers_micro_e,
          uniq_natasha
D:4:      layout_basic, serial_shops, nicolae_shop_behind_doors

Skill      XL: |  1  2  3 |
---------------+----------+-----
Transmutations | 2 |  2.0
Air Magic      | 1 2 |  2.0
Dodging        | |  2.0
Stealth        | |  2.0
Spellcasting   | |  2.8
Fire Magic     | |  0.7
Poison Magic   | |  3.7

Action                   |  1- 3 |  4- 6 || total
-------------------------+-------+-------++-------
Melee: Short sword       |     9 |       ||     9
       Unarmed           |     2 |       ||     2
       Long sword        |    14 |    48 ||    62
 Cast: Sting             |    33 |    28 ||    61
       Poisonous Vapours |     2 |     2 ||     4
       Scorch            |       |     4 ||     4
  Use: Scroll            |     1 |       ||     1
Armor: Robe              |     4 |    20 ||    24
Dodge: Dodged            |    21 |    47 ||    68

Table legend: (Time is in decaauts)
 A = Elapsed time spent in this place.
 B = Non-inter-level travel time spent in this place.
 C = Inter-level travel time spent in this place.
 D = Time resting spent in this place.
 E = Time spent auto-exploring this place.
 F = Levels seen in this place.
 G = Mean time per level.
                   A        B        C        D        E       F      G
               +--------+--------+--------+--------+--------+-----+--------+
         Total |   1115 |   1020 |     95 |      0 |      0 |   4 |  278.8 |
       Dungeon |   1115 |   1020 |     95 |      0 |      0 |   4 |  278.8 |
               +--------+--------+--------+--------+--------+-----+--------+

Top non-repeatable levels by time:
     D:2: 414 daAuts
     D:1: 354 daAuts
     D:3: 307 daAuts
     D:4: 39 daAuts
